 Dungeon Crawl Stone Soup version 0.29.0-4-gdea44cf6ec (webtiles) character file.

Game seed: 13900189782089938142

7009 qw the Cleaver (level 11, -2/64 HPs)
             Began as a Tengu Warper on Aug 28, 2022.
             Was a High Priest of Okawaru.
             Slain by Erolcha
             ... wielding a +0 giant club
              (8 damage)
             ... on level 10 of the Dungeon.
             The game lasted 00:01:04 (9542 turns).

qw the Cleaver (Tengu Warper)                       Turns: 9542, Time: 00:01:04

Health: -2/64      AC: 18    Str: 16    XL:     11   Next: 8%
Magic:  7/16       EV: 11    Int: 14    God:    Okawaru [*****.]
Gold:   393        SH:  5    Dex: 19    Spells: 14/14 levels left

rFire   + . .      SeeInvis .   Y - +2 hand axe (elec)
rCold   . . .      Faith    .   (no shield)
rNeg    . . .      Spirit   .   j - +0 plate armour
rPois   +          Reflect  +   (helmet restricted)
rElec   .          Harm     .   q - +0 cloak
rCorr   .          Rampage  .   k - +0 pair of gloves
Will    .....      Clarity  +   (boots unavailable)
Stlth   ..........              d - amulet of reflection
HPRegen 0.20/turn               l - ring of poison resistance
MPRegen 0.15/turn               u - +6 ring of dexterity

@: heroic, finesse-ful, flying quickly and evasively, quick
A: beak, talons 3, nimble flight, clarity, fire resistance 1
a: Renounce Religion, Heroism, Finesse, Duel


You were on level 10 of the Dungeon.
You worshipped Okawaru.
Okawaru was extremely pleased with you.
You visited 2 branches of the dungeon, and saw 11 of its levels.
You visited the Abyss 1 time.

You collected 574 gold pieces.
You spent 181 gold pieces at shops.


Innate Abilities, Weirdness & Mutations

You have a beak for a mouth.
You have claws for feet.
Your magical nature lets you fly swiftly and evasively.
You possess an exceptional clarity of mind.
Your flesh is heat resistant. (rF+)


   Skills:
 - Level 6.1(11.1) Fighting
 + Level 13.0(18.0) Axes
 - Level 3.1(8.1) Throwing
 - Level 7.1(12.1) Armour
 - Level 4.7(9.7) Dodging
 - Level 2.0 Spellcasting
 - Level 2.4 Translocations
 + Level 5.5 Invocations


You had 14 spell levels left.
You didn't know any spells.
Your spell library contained the following spells:

 Spells                   Type           Power      Damage    Failure   Level
 Blink                    Tloc           16%        N/A       98%         2
 Gell's Gravitas          Tloc           8%         N/A       100%        3
 Lesser Beckoning         Tloc           8%         N/A       100%        3
 Teleport Other           Tloc           8%         N/A       100%        3
 Manifold Assault         Tloc           8%         N/A       100%        5

Inventory:

Hand Weapons
 t - a +0 flail
 Y - a +2 hand axe of electrocution (weapon)
Missiles
 f - 7 boomerangs (quivered)
 h - 6 javelins
Armour
 j - a +0 plate armour (worn)
 k - a +0 pair of gloves (worn)
 q - a +0 cloak (worn)
Jewellery
 c - a ring of fire
 d - an amulet of reflection (around neck)
 g - a ring of ice
 l - a ring of poison resistance (left hand)
 u - a +6 ring of dexterity (right hand)
 v - a ring of resist corrosion
 x - a ring of ice
Scrolls
 a - 2 scrolls of identify
Potions
 b - 12 potions of curing
 e - a potion of might
 m - 2 potions of resistance
 o - 3 potions of mutation
 p - a potion of haste

Dungeon Overview and Level Annotations

Branches:
Dungeon (10/15)            Temple (1/1) D:6
   Lair: D:8-11         Orc: D:9-12

Altars:
Ashenzari
Cheibriados
Dithmenos
Elyvilon
Fedhas
Gozag
Hepliaklqana
Kikubaaqudgha
Makhleb
Nemelex Xobeh
Okawaru
Qazlal
Ru
Sif Muna
Trog
Uskayaw
Vehumet
Wu Jian
Xom
Yredelemnul
The Shining One

Shops:
D:3 ((*=!   D:8 *

Annotations:
D:9 1 transporter, qw's ghost, journeyman TeWr
D:10 Erolcha


Message History

The starspawn tentacle loses its grip on you.
You hit the tentacled starspawn but do no damage.
You claw the tentacled starspawn.
The tentacled starspawn is almost destroyed.
You hit the starspawn tentacle.
You hit the starspawn tentacle but do no damage.
The tentacled starspawn closely misses you.
The tentacled starspawn tentacle-slaps you but does no damage.
You block the starspawn tentacle's attack.
The starspawn tentacle misses you.
You hit the starspawn tentacle.
Lightning courses through the starspawn tentacle!
You destroy the starspawn tentacle!
You hit the starspawn tentacle.
Lightning courses through the starspawn tentacle!
You destroy the starspawn tentacle!
You hit the tentacled starspawn.
You destroy the tentacled starspawn!
Okawaru is honoured by your kill.
You can now enter into single combat with a foe.
Okawaru will now gift you equipment as you gain piety.
Your base Axes skill increases to level 13!
Your Invocations skill increases to level 5!
You have reached level 11!
The substance of the Abyss twists violently, and a gateway leading out appears!
You pass through the gate.
Welcome back to the Dungeon!
Level annotation: Erolcha You block the orc's attack.
You slash the orc!
You kill the orc!
Okawaru accepts your kill.
9540 ||| INVOKING Finesse.
You fail to use your ability.
You feel like a meek peon again.
9541 ||| INVOKING Heroism.
You gain the combat prowess of a mighty hero.
9542 ||| INVOKING Finesse.
You can now deal lightning-fast blows.
Erolcha hits you with a +0 giant club!
You die...

##....#####..#........
######...# ##..........
#...##.#.######........
##......%.....##........
...........##.##........ ###
...............#............
...>...........#####.##....#
.............)..####.##.....
.......c......@O[.....>.....
................#........:.#
.............##........<###
#########.........#.......#
#...........#....../..
..........##..##...###..
......:....##......... .
........###############
........#


You could see Erolcha and a centaur.

Vanquished Creatures
  A tentacled starspawn (Abyss:1)
  A rakshasa (Abyss:1)
  Pikel (D:8)
  Maggie (D:7)
  Prince Ribbit (D:6)
  A wyvern (D:10)
  A wraith (D:10)
  9 yaks
  A large abomination (Abyss:1)
  2 steam dragons (D:8)
  Menkaure (D:4)
  A small abomination (Abyss:1)
  3 water moccasins
  Duvessa (D:7)
  A black bear (D:5)
  4 ice beasts
  A black bear (shapeshifter) (Abyss:1)
  2 centaurs (D:5)
  2 bullfrogs (D:7)
  A necrophage (D:6)
  A gnoll sergeant (D:7)
  4 scorpions
  Dowan (D:7)
  2 hounds
  2 jellies
  A gnoll bouda (D:7)
  An iguana (D:5)
  5 gnolls (D:7)
  6 adders
  3 shadow imps
  4 white imps
  4 ufetubi
  3 worms
  4 dart slugs
  4 orcs
  6 ball pythons
  9 bats
  10 endoplasms
  5 giant cockroaches
  9 goblins
  6 hobgoblins
  10 jackals
  5 kobolds
  4 quokkas
  6 frilled lizards
  6 rats
  3 starspawn tentacles (Abyss:1)
160 creatures vanquished.

Notes
Turn   | Place    | Note
-------+----------+-------------------------------------------
     0 | D:1      | qw the Tengu Warper began the quest for the Orb.
     0 | D:1      | Reached XP level 1. HP: 12/12 MP: 4/4
     0 | D:1      | 0 ||| qw: Version: 0.1-a-89-g26bdef1
     0 | D:1      | 0 ||| qw: Game counter: 2272
     0 | D:1      | 0 ||| qw: Always use a shield: true
     0 | D:1      | 0 ||| qw: God list: Okawaru
     0 | D:1      | 0 ||| qw: Allow faded altars: false
     0 | D:1      | 0 ||| qw: Do Orc after D:15 true
     0 | D:1      | 0 ||| qw: Do second Lair branch before Depths: true
     0 | D:1      | 0 ||| qw: Lair rune preference: random
     0 | D:1      | 0 ||| qw: Plans: Normal
     0 | D:1      | 0 ||| PLANNING D:1-11
   209 | D:1      | 209 ||| Stepping ~*~*~tactically~*~*~ (hiding).
   210 | D:1      | 210 ||| Stepping ~*~*~tactically~*~*~ (stealth).
   215 | D:1      | 215 ||| Stepping ~*~*~tactically~*~*~ (stealth).
   224 | D:1      | Reached XP level 2. HP: 17/17 MP: 6/6
   227 | D:1      | Reached skill level 3 in Axes
   227 | D:1      | 227 ||| Stepping ~*~*~tactically~*~*~ (stealth).
   229 | D:1      | 229 ||| Stepping ~*~*~tactically~*~*~ (stealth).
   236 | D:1      | 236 ||| Stepping ~*~*~tactically~*~*~ (stealth).
   637 | D:1      | Reached XP level 3. HP: 21/21 MP: 7/7
   693 | D:1      | Reached skill level 4 in Axes
   912 | D:1      | 912 ||| UPGRADING to amulet of regeneration.
   917 | D:1      | 917 ||| READING 2 scrolls labelled FEWEBR LOAQ.
   918 | D:1      | 918 ||| READING scroll labelled JOUSUAVV LENO.
   919 | D:1      | 919 ||| READING scroll labelled GONIENAHEU.
   920 | D:1      | 920 ||| DRINKING 2 fizzy black potions.
   921 | D:1      | 921 ||| DROPPING scroll of blinking.
  1039 | D:2      | 1039 ||| Stepping ~*~*~tactically~*~*~ (stealth).
  1238 | D:2      | 1238 ||| Stepping ~*~*~tactically~*~*~ (stealth).
  1400 | D:2      | Reached XP level 4. HP: 26/26 MP: 8/8
  1671 | D:2      | Found a faded altar of an unknown god.
  1724 | D:2      | 1724 ||| Stepping ~*~*~tactically~*~*~ (stealth).
  1855 | D:2      | 1855 ||| Stepping ~*~*~tactically~*~*~ (hiding).
  1872 | D:2      | Reached skill level 5 in Axes
  1909 | D:2      | 1909 ||| UPGRADING to +0 scale mail.
  1919 | D:2      | 1919 ||| DROPPING +0 leather armour.
  1920 | D:2      | 1920 ||| UPGRADING to amulet of reflection.
  1930 | D:2      | 1930 ||| DROPPING amulet of regeneration.
  1931 | D:2      | 1931 ||| UPGRADING to ring of poison resistance.
  1932 | D:2      | 1932 ||| DRINKING 4 ruby potions.
  1933 | D:2      | 1933 ||| READING 4 scrolls of identify.
  1933 | D:2      | 1933 ||| IDENTIFYING glowing coppery potion
  1934 | D:2      | 1934 ||| READING 3 scrolls of identify.
  1934 | D:2      | 1934 ||| IDENTIFYING dark potion
  1935 | D:2      | 1935 ||| READING 2 scrolls of identify.
  1935 | D:2      | 1935 ||| IDENTIFYING murky yellow potion
  1936 | D:2      | 1936 ||| DROPPING potion of brilliance.
  1937 | D:2      | 1937 ||| DROPPING potion of invisibility.
  2006 | D:3      | 2006 ||| STAIRDANCE
  2058 | D:3      | Found Naynigelo's Assorted Antiques.
  2063 | D:3      | 2063 ||| BUYING emerald potion (22 gold).
  2063 | D:3      | Bought an emerald potion for 22 gold pieces
  2063 | D:3      | 2063 ||| BUYING murky puce potion (22 gold).
  2063 | D:3      | Bought a murky puce potion for 22 gold pieces
  2063 | D:3      | 2063 ||| SHOPLISTING whip (62 gold, have 60).
  2087 | D:3      | Found Naramow's Weapon Boutique.
  2096 | D:3      | 2096 ||| BUYING +0 mace (42 gold).
  2096 | D:3      | Bought a +0 mace for 42 gold pieces
  2096 | D:3      | 2096 ||| SHOPLISTING +2 whip of flaming (231 gold, have
                  | 18).
  2096 | D:3      | 2096 ||| DROPPING +0 club.
  2176 | D:3      | Found a broken altar of Ashenzari.
  2182 | D:3      | Found a shimmering blue altar of Sif Muna.
  2251 | D:3      | Found a blossoming altar of Fedhas.
  2330 | D:3      | Found Gyigyfokh's Distillery.
  2334 | D:3      | 2334 ||| SHOPLISTING 2 potions of cancellation (160 gold,
                  | have 42).
  2334 | D:3      | 2334 ||| SHOPLISTING potion of cancellation (80 gold, have
                  | 42).
  2334 | D:3      | 2334 ||| BUYING potion of curing (30 gold).
  2334 | D:3      | Bought a potion of curing for 30 gold pieces
  2334 | D:3      | 2334 ||| SHOPLISTING potion of heal wounds (50 gold, have
                  | 12).
  2334 | D:3      | 2334 ||| SHOPLISTING potion of mutation (80 gold, have 12).
  2403 | D:3      | Found Weydor's Jewellery Emporium.
  2406 | D:3      | 2406 ||| SHOPLISTING +4 ring of protection (396 gold, have
                  | 23).
  2406 | D:3      | 2406 ||| SHOPLISTING +6 ring of dexterity (396 gold, have
                  | 23).
  2406 | D:3      | 2406 ||| SHOPLISTING +6 ring of strength (396 gold, have
                  | 23).
  2406 | D:3      | 2406 ||| SHOPLISTING ring "Kigof" {AC+4 Int+2 Dex+3} (588
                  | gold, have 23).
  2406 | D:3      | 2406 ||| SHOPLISTING ring of ice (275 gold, have 23).
  2406 | D:3      | 2406 ||| SHOPLISTING ring of positive energy (220 gold,
                  | have 23).
  2446 | D:3      | Found Wiwohax's Weapon Shoppe.
  2487 | D:3      | Identified the +1 leather armour "Akoarih" {rN+ Int+3}
  2545 | D:3      | Gained mutation: Your magical nature lets you fly swiftly
                  | and evasively. [Tengu growth]
  2545 | D:3      | Reached XP level 5. HP: 27/30 MP: 9/9
  2719 | D:3      | 2719 ||| DROPPING +1 leather armour "Akoarih" {rN+ Int+3}.
  2720 | D:3      | 2720 ||| UPGRADING to +0 pair of gloves.
  2725 | D:3      | 2725 ||| READING scroll labelled EQAAWAIHOE.
  2726 | D:3      | 2726 ||| DRINKING 4 murky puce potions.
  2726 | D:3      | Gained mutation: You are frail. (-10% HP) [potion of
                  | mutation]
  2727 | D:3      | 2727 ||| DRINKING 3 potions of mutation.
  2727 | D:3      | Lost mutation: You are frail. (-10% HP) [potion of
                  | mutation]
  2727 | D:3      | Gained mutation: You possess an exceptional clarity of
                  | mind. [potion of mutation]
  2727 | D:3      | Gained mutation: Your flesh is heat resistant. (rF+)
                  | [potion of mutation]
  2798 | D:4      | 2798 ||| Stepping ~*~*~tactically~*~*~ (stealth).
  2800 | D:4      | 2800 ||| Stepping ~*~*~tactically~*~*~ (stealth).
  2913 | D:4      | Noticed Menkaure
  2914 | D:4      | 2914 ||| Stepping ~*~*~tactically~*~*~ (hiding).
  2923 | D:4      | HP: 5/30 [Menkaure/nerve-wracking pain (11)]
  2924 | D:4      | 2924 ||| DRINKING 3 potions of heal wounds.
  2926 | D:4      | Killed Menkaure
  2927 | D:4      | Reached skill level 6 in Axes
  2927 | D:4      | Reached XP level 6. HP: 17/35 MP: 10/10
  2927 | D:4      | 2927 ||| FLEEEEING.
  2928 | D:4      | 2928 ||| FLEEEEING.
  2929 | D:4      | 2929 ||| FLEEEEING.
  2930 | D:4      | 2930 ||| FLEEEEING.
  2931 | D:4      | 2931 ||| FLEEEEING.
  2932 | D:4      | 2932 ||| FLEEEEING.
  2933 | D:4      | 2933 ||| FLEEEEING.
  2934 | D:4      | 2934 ||| FLEEEEING.
  2935 | D:4      | 2935 ||| FLEEEEING.
  2936 | D:4      | 2936 ||| FLEEEEING.
  2937 | D:4      | 2937 ||| FLEEEEING.
  2948 | D:4      | 2948 ||| FLEEEEING.
  2949 | D:4      | 2949 ||| FLEEEEING.
  2962 | D:4      | 2962 ||| FLEEEEING.
  2965 | D:4      | 2965 ||| FLEEEEING.
  2967 | D:4      | 2967 ||| FLEEEEING.
  2968 | D:4      | 2968 ||| FLEEEEING.
  2969 | D:4      | 2969 ||| FLEEEEING.
  2970 | D:4      | 2970 ||| FLEEEEING.
  2971 | D:4      | 2971 ||| STAIRDANCE
  3090 | D:3      | 3090 ||| UPGRADING to ring of resist corrosion.
  3251 | D:4      | Reached skill level 7 in Axes
  3432 | D:4      | 3432 ||| READING 3 scrolls of identify.
  3432 | D:4      | 3432 ||| IDENTIFYING yellow potion
  3433 | D:4      | 3433 ||| READING 2 scrolls of identify.
  3433 | D:4      | 3433 ||| IDENTIFYING brown potion
  3434 | D:4      | 3434 ||| DROPPING potion of ambrosia.
  3435 | D:4      | 3435 ||| DROPPING potion of berserk rage.
  3446 | D:5      | Entered Level 5 of the Dungeon
  3467 | D:5      | 3467 ||| Stepping ~*~*~tactically~*~*~ (stealth).
  3567 | D:5      | 3567 ||| Stepping ~*~*~tactically~*~*~ (hiding).
  3569 | D:5      | 3569 ||| Stepping ~*~*~tactically~*~*~ (hiding).
  3755 | D:5      | Noticed an ice beast
  3766 | D:5      | Killed an ice beast
  3767 | D:5      | Reached skill level 3 in Fighting
  3767 | D:5      | Reached XP level 7. HP: 42/42 MP: 11/11
  4080 | D:5      | Found a hazy altar of Hepliaklqana.
  4123 | D:5      | Reached skill level 8 in Axes
  4354 | D:5      | 4354 ||| Stepping ~*~*~tactically~*~*~ (stealth).
  4355 | D:5      | 4355 ||| Stepping ~*~*~tactically~*~*~ (stealth).
  4514 | D:5      | 4514 ||| Stepping ~*~*~tactically~*~*~ (hiding).
  4532 | D:5      | 4532 ||| Stepping ~*~*~tactically~*~*~ (stealth).
  4543 | D:5      | 4543 ||| Stepping ~*~*~tactically~*~*~ (hiding).
  4557 | D:5      | Reached XP level 8. HP: 18/48 MP: 12/12
  4560 | D:5      | HP: 8/48 [centaur/+0 scimitar (7)]
  4561 | D:5      | 4561 ||| DRINKING 3 potions of heal wounds.
  4564 | D:5      | Reached skill level 9 in Axes
  4914 | D:5      | Reached skill level 3 in Dodging
  5070 | D:5      | 5070 ||| READING 2 scrolls of identify.
  5070 | D:5      | 5070 ||| IDENTIFYING silvery potion
  5071 | D:5      | 5071 ||| DROPPING potion of attraction.
  5563 | D:6      | Reached skill level 10 in Axes
  5633 | D:6      | Noticed a +0 dagger
  5647 | D:6      | Noticed a +0 short sword
  5647 | D:6      | Noticed a +0 falchion
  5652 | D:6      | Found a hide-covered altar of Uskayaw.
  5652 | D:6      | Noticed a +0 dagger
  5653 | D:6      | Noticed a +0 short sword
  5654 | D:6      | Noticed a +0 spear
  5655 | D:6      | Noticed a +0 falchion
  5656 | D:6      | Noticed a +0 spear
  5672 | D:6      | Found a staircase to the Ecumenical Temple.
  5673 | D:6      | 5673 ||| PLANNING TEMPLE
  5673 | D:6      | 5673 ||| UPGRADING to +0 cloak.
  5678 | D:6      | 5678 ||| READING 3 scrolls labelled TOKOERIWKU.
  5681 | D:6      | 5681 ||| DRINKING 4 puce potions.
  5682 | D:6      | 5682 ||| DROPPING 3 potions of flight.
  5725 | Temple   | Entered the Ecumenical Temple
  5763 | Temple   | Became a worshipper of Warmaster Okawaru
  5864 | Temple   | 5864 ||| PLANNING D:1-11
  5891 | D:6      | 5891 ||| Stepping ~*~*~tactically~*~*~ (hiding).
  5892 | D:6      | 5892 ||| Stepping ~*~*~tactically~*~*~ (hiding).
  5966 | D:6      | 5966 ||| DROPPING +0 mace.
  6091 | D:6      | Noticed Prince Ribbit
  6092 | D:6      | 6092 ||| DROPPING +6 ring of intelligence.
  6093 | D:6      | 6093 ||| READING 2 scrolls of teleportation.
  6164 | D:6      | 6164 ||| Stepping ~*~*~tactically~*~*~ (stealth).
  6180 | D:6      | 6180 ||| Stepping ~*~*~tactically~*~*~ (stealth).
  6181 | D:6      | 6181 ||| Stepping ~*~*~tactically~*~*~ (stealth).
  6190 | D:6      | 6190 ||| READING scroll of teleportation.
  6323 | D:6      | 6323 ||| Stepping randomly (stuck).
  6346 | D:6      | 6346 ||| FLEEEEING.
  6347 | D:6      | 6347 ||| FLEEEEING.
  6365 | D:6      | 6365 ||| FLEEEEING.
  6366 | D:6      | 6366 ||| STAIRDANCE
  6454 | D:6      | 6454 ||| STAIRDANCE
  6564 | D:6      | Killed Prince Ribbit
  6634 | D:7      | Noticed Duvessa
  6634 | D:7      | Noticed Dowan
  6635 | D:7      | 6635 ||| Stepping ~*~*~tactically~*~*~ (hiding).
  6646 | D:7      | Killed Dowan
  6647 | D:7      | Reached XP level 9. HP: 33/54 MP: 13/13
  6653 | D:7      | HP: 10/54 [Duvessa/+0 short sword (8)]
  6654 | D:7      | 6654 ||| DRINKING 2 potions of heal wounds.
  6655 | D:7      | Killed Duvessa
  6676 | D:7      | 6676 ||| Stepping ~*~*~tactically~*~*~ (stealth).
  6702 | D:7      | 6702 ||| Stepping ~*~*~tactically~*~*~ (stealth).
  6703 | D:7      | 6703 ||| FLEEEEING.
  6704 | D:7      | 6704 ||| FLEEEEING.
  6705 | D:7      | 6705 ||| FLEEEEING.
  6711 | D:7      | 6711 ||| FLEEEEING.
  6716 | D:7      | 6716 ||| FLEEEEING.
  6717 | D:7      | 6717 ||| FLEEEEING.
  6718 | D:7      | 6718 ||| FLEEEEING.
  6719 | D:7      | 6719 ||| STAIRDANCE
  6793 | D:6      | 6793 ||| UPGRADING to +0 chain mail.
  6803 | D:6      | 6803 ||| DROPPING +0 scale mail.
  6864 | D:7      | 6864 ||| SWAPPING to +1 hand axe of electrocution.
  6865 | D:7      | 6865 ||| DROPPING +1 hand axe.
  6889 | D:7      | 6889 ||| FLEEEEING.
  6890 | D:7      | 6890 ||| FLEEEEING.
  6891 | D:7      | 6891 ||| FLEEEEING.
  6892 | D:7      | 6892 ||| FLEEEEING.
  6954 | D:7      | Found a flagged portal.
  7068 | D:7      | Noticed Maggie
  7069 | D:7      | 7069 ||| Stepping ~*~*~tactically~*~*~ (hiding).
  7084 | D:7      | Killed Maggie
  7084 | D:7      | Reached * piety under Okawaru
  7085 | D:7      | Reached skill level 11 in Axes
  7429 | D:7      | 7429 ||| DROPPING +1 mace of protection.
  7483 | D:7      | 7483 ||| INVOKING Heroism.
  7490 | D:7      | Reached skill level 1 in Invocations
  7831 | D:7      | 7831 ||| UPGRADING to +6 ring of dexterity.
  7833 | D:7      | 7833 ||| READING scroll labelled ETASIO POVIFF.
  7834 | D:7      | 7834 ||| READING scroll labelled JEULAIJ HERGH.
  7835 | D:7      | 7835 ||| READING 2 scrolls of identify.
  7835 | D:7      | 7835 ||| IDENTIFYING viscous amethyst potion
  7836 | D:7      | 7836 ||| DROPPING potion of lignification.
  7904 | D:8      | Noticed Pikel
  7904 | D:8      | 7904 ||| INVOKING Heroism.
  7905 | D:8      | 7905 ||| Stepping ~*~*~tactically~*~*~ (stealth).
  7916 | D:8      | Killed Pikel
  7916 | D:8      | Reached ** piety under Okawaru
  7917 | D:8      | Reached skill level 3 in Invocations
  8026 | D:8      | 8026 ||| INVOKING Heroism.
  8085 | D:8      | Found Wippiy's General Store.
  8088 | D:8      | 8088 ||| BUYING potion of heal wounds (65 gold).
  8088 | D:8      | Bought a potion of heal wounds for 65 gold pieces
  8191 | D:8      | 8191 ||| INVOKING Heroism.
  8243 | D:8      | 8243 ||| READING scroll of enchant weapon.
  8243 | D:8      | 8243 ||| ENCHANTING +1 hand axe of electrocution.
  8257 | D:8      | 8257 ||| Stepping ~*~*~tactically~*~*~ (stealth).
  8269 | D:8      | 8269 ||| Stepping ~*~*~tactically~*~*~ (stealth).
  8275 | D:8      | Reached XP level 10. HP: 59/59 MP: 14/14
  8276 | D:8      | 8276 ||| Stepping ~*~*~tactically~*~*~ (hiding).
  8283 | D:8      | 8283 ||| INVOKING Heroism.
  8286 | D:8      | 8286 ||| Stepping ~*~*~tactically~*~*~ (stealth).
  8291 | D:8      | Reached skill level 12 in Axes
  8831 | D:8      | 8831 ||| READING scroll labelled HIAC UBIMILIO.
  8832 | D:8      | 8832 ||| READING scroll labelled FAOTYN JAMUNKU.
  8833 | D:8      | 8833 ||| READING 2 scrolls of identify.
  8833 | D:8      | 8833 ||| IDENTIFYING fuming emerald potion
  8859 | D:9      | Reached skill level 6 in Fighting
  8977 | D:9      | Noticed qw's ghost (journeyman TeWr)
  8980 | D:9      | Noticed a cyclops
  8988 | D:9      | Found a transporter.
  9087 | D:9      | 9087 ||| Stepping ~*~*~tactically~*~*~ (stealth).
  9089 | D:9      | 9089 ||| Stepping ~*~*~tactically~*~*~ (stealth).
  9091 | D:9      | 9091 ||| Stepping ~*~*~tactically~*~*~ (stealth).
  9097 | D:9      | Reached *** piety under Okawaru
  9109 | D:9      | Reached skill level 3 in Throwing
  9159 | D:9      | You are sucked into a shaft and drop 1 floor!
  9159 | D:10     | Entered Level 10 of the Dungeon
  9190 | D:10     | 9190 ||| INVOKING Heroism.
  9195 | D:10     | HP: 9/60 [wyvern (8)]
  9196 | D:10     | 9196 ||| DRINKING 3 potions of heal wounds.
  9375 | D:10     | 9375 ||| UPGRADING to +0 plate armour.
  9385 | D:10     | 9385 ||| DROPPING +0 chain mail.
  9386 | D:10     | 9386 ||| DROPPING +0 swamp dragon scales.
  9387 | D:10     | 9387 ||| READING scroll labelled ROSE XIOHARESI.
  9392 | D:10     | Noticed Erolcha
  9393 | D:10     | 9393 ||| INVOKING Heroism.
  9401 | D:10     | 9401 ||| Stepping ~*~*~tactically~*~*~ (stealth).
  9402 | D:10     | 9402 ||| Stepping ~*~*~tactically~*~*~ (stealth).
  9403 | D:10     | 9403 ||| Stepping ~*~*~tactically~*~*~ (stealth).
  9407 | D:10     | 9407 ||| Stepping ~*~*~tactically~*~*~ (hiding).
  9408 | D:10     | 9408 ||| Stepping ~*~*~tactically~*~*~ (hiding).
  9408 | D:10     | HP: 14/60 [something (12)]
  9409 | D:10     | 9409 ||| Stepping ~*~*~tactically~*~*~ (hiding).
  9410 | D:10     | 9410 ||| DRINKING 2 potions of heal wounds.
  9414 | Abyss:1  | Cast into level 1 of the Abyss (Erolcha)
  9442 | Abyss:1  | Noticed a rakshasa
  9443 | Abyss:1  | 9443 ||| Stepping ~*~*~tactically~*~*~ (stealth).
  9446 | Abyss:1  | 9446 ||| Stepping ~*~*~tactically~*~*~ (stealth).
  9447 | Abyss:1  | 9447 ||| Stepping ~*~*~tactically~*~*~ (stealth).
  9449 | Abyss:1  | 9449 ||| INVOKING Heroism.
  9452 | Abyss:1  | 9452 ||| Stepping ~*~*~tactically~*~*~ (hiding).
  9454 | Abyss:1  | 9454 ||| Stepping ~*~*~tactically~*~*~ (hiding).
  9462 | Abyss:1  | HP: 15/60 [large abomination (15)]
  9463 | Abyss:1  | 9463 ||| DRINKING potion of heal wounds.
  9466 | Abyss:1  | HP: 5/60 [rakshasa/+2 long sword (5)]
  9467 | Abyss:1  | Killed a rakshasa
  9467 | Abyss:1  | Reached **** piety under Okawaru
  9514 | Abyss:1  | 9514 ||| INVOKING Heroism.
  9518 | Abyss:1  | HP: 13/60 [small abomination (2)]
  9520 | Abyss:1  | Noticed a tentacled starspawn
  9532 | Abyss:1  | HP: 4/60 [tentacled starspawn (11)]
  9535 | Abyss:1  | Killed a tentacled starspawn
  9535 | Abyss:1  | Reached ***** piety under Okawaru
  9536 | Abyss:1  | Reached skill level 13 in Axes
  9536 | Abyss:1  | Reached XP level 11. HP: 4/64 MP: 14/16
  9538 | D:10     | Escaped the Abyss
  9540 | D:10     | 9540 ||| INVOKING Finesse.
  9541 | D:10     | 9541 ||| INVOKING Heroism.
  9542 | D:10     | 9542 ||| INVOKING Finesse.
  9542 | D:10     | Slain by Erolcha

Levels and vault maps discovered:
D:1:      dpeg_arrival_chambers_temple_mockup, layout_rooms, minmay_pentomino_s4
D:2:      minmay_diamond_boxcup, layout_basic, chequers_ecumenical_altar_grove,
          wander_ebering_terrifying_dragon_lair
D:3:      layout_loops_ring, minitemple, serial_shops,
          nicolae_shop_bloodbath_and_beyond, nicolae_shop_behind_doors, shop,
          shop, nicolae_shop_crystal
D:4:      layout_rooms, serial_glass, glass_columns_b, glass_columns_a,
          uniq_menkaure
D:5:      layout_loops_corners, overflow_temple_1_default
D:6:      layout_loops_ring, nicolae_uskayaw_en_pointe,
          minmay_temple_entry_statues_fountains, roderic_serpentine_path,
          uniq_prince_ribbit1
D:7:      layout_loops_ring, enter_bailey_5, dreamdust_princess_corridor,
          uniq_duvessa, uniq_maggie
D:8:      layout_basic, serial_shops, kennysheep_mini, uniq_pikel
D:9:      layout_basic, nzn_ghost_randoct, serial_bayou_lagoon_a
D:10:     wad_cavern_with_rooms, layout_rooms, mainiacjoe_overflow_alcove_2,
          minivault_20, kennysheep_generic_room_13, uniq_erolcha
Temple:   nicolae_temple_bog_church

Skill      XL: |  1  2  3  4  5  6  7  8  9 10 |
---------------+-------------------------------+-----
Axes           | 3 4 5 6 7 8 10 11 13 | 13.0
Fighting       | 3 5 6 |  6.1
Armour         | 2 4 5 7 |  7.1
Dodging        | 3 4 |  4.7
Invocations    | 3 5 |  5.5
Throwing       | 3 |  3.1
Spellcasting   | |  2.0
Translocations | |  2.4

Action                   |  1- 3 |  4- 6 |  7- 9 | 10-12 || total
-------------------------+-------+-------+-------+-------++-------
Melee: Hand axe          |    76 |   143 |   241 |    95 ||   555
       Kick              |    18 |    31 |    68 |    36 ||   153
       Peck              |    16 |    20 |    52 |    26 ||   114
       Punch             |     1 |     3 |     3 |     4 ||    11
Throw: Boomerang         |     7 |     5 |    44 |     2 ||    58
Invok: Heroism           |       |       |     4 |     6 ||    10
       Finesse           |       |       |       |     1 ||     1
  Use: Scroll            |     3 |     6 |     8 |     4 ||    21
       Potion            |     1 |     4 |     3 |     3 ||    11
Armor: Leather armour    |    15 |    10 |       |       ||    25
       Scale mail        |       |    39 |    43 |       ||    82
       Chain mail        |       |       |    13 |    14 ||    27
       Plate armour      |       |       |       |    12 ||    12
Dodge: Dodged            |    41 |    51 |    92 |    29 ||   213
Block: Other             |       |    18 |    36 |    14 ||    68
       Reflection        |       |       |     1 |     1 ||     2

Table legend:
 A = Non-vault XP
 B = Vault XP
 C = Vault XP percentage of total XP
 D = Non-vault monster count
 E = Vault monster count
 F = Vault count percentage of total count
                 A         B        C        D         E       F
            +---------+---------+-------+---------+---------+-------
      Total |    8232 |    1782 |  17.8 |     133 |      24 |  15.3
            +---------+---------+-------+---------+---------+-------
        D:1 |      42 |       5 |  10.6 |      24 |       3 |  11.1
        D:2 |      43 |      35 |  44.9 |      17 |      11 |  39.3
        D:3 |      40 |       0 |   0.0 |      14 |       0 |   0.0
        D:4 |      94 |     169 |  64.3 |       9 |       1 |  10.0
        D:5 |    1127 |       0 |   0.0 |      21 |       0 |   0.0
        D:6 |     394 |     259 |  39.7 |       7 |       1 |  12.5
        D:7 |     574 |     596 |  50.9 |      15 |       7 |  31.8
        D:8 |    1765 |     718 |  28.9 |      11 |       1 |   8.3
        D:9 |     760 |       0 |   0.0 |       4 |       0 |   0.0
       D:10 |     425 |       0 |   0.0 |       4 |       0 |   0.0
    Abyss:1 |    2968 |       0 |   0.0 |       7 |       0 |   0.0
            +---------+---------+-------+---------+---------+-------
